 Dungeon Crawl Stone Soup version 0.27.0-1-g7a089689b8 (webtiles) character file.

Game seed: 12568290559520917328

258 dtburroughs the Chopper (level 6, -6/38 HPs)
             Began as a Tengu Berserker on Aug 6, 2021.
             Was a Believer of Trog.
             Succumbed to a scorpion's poison
             ... on level 4 of the Dungeon.
             The game lasted 00:05:06 (3464 turns).

dtburroughs the Chopper (Tengu Berserker)           Turns: 3464, Time: 00:05:06

Health: -6/38      AC:  9    Str: 19    XL:     6   Next: 16%
Magic:  7/7        EV: 14    Int:  8    God:    Trog [**....]
Gold:   159        SH:  0    Dex: 13    Spells: 5/5 levels left

rFire    . . .     SeeInvis .   q - +2 hand axe (elec)
rCold    . . .     Faith    .   (no shield)
rNeg     . . .     Spirit   .   g - +0 ring mail
rPois    .         Reflect  .   (helmet restricted)
rElec    .         Harm     .   (no cloak)
rCorr    .         Rampage  .   i - +2 pair of gloves {archery}
Will     .....                  (boots unavailable)
Stlth    +.........             f - amulet of the acrobat
HPRegen  0.12/turn              (no ring)
MPRegen  0.10/turn              (no ring)

@: lethally poisoned (-6 -> -36), flying quickly and evasively, quick
A: beak, talons 3, nimble flight
a: Renounce Religion, Berserk, Trog's Hand


You were on level 4 of the Dungeon.
You worshipped Trog.
Trog was pleased with you.
You visited 1 branch of the dungeon, and saw 4 of its levels.

You collected 159 gold pieces.

Inventory:

Hand Weapons
 a - a +0 hand axe
 q - a +2 hand axe of electrocution (weapon)
Armour
 b - a +0 animal skin
 g - a +0 ring mail (worn)
 i - a +2 pair of gloves of archery (worn)
Jewellery
 f - an amulet of the acrobat (around neck)
Wands
 p - a wand of digging (7)
Scrolls
 c - 2 scrolls of enchant armour {unknown}
 d - 3 scrolls of noise {unknown}
 h - a scroll of acquirement {unknown}
 l - 3 scrolls of identify {unknown}
 n - a scroll of magic mapping {unknown}
 o - a scroll of torment {unknown}
Potions
 e - 5 potions of curing {unknown}
 j - 2 potions of brilliance {unknown}
 k - a potion of flight {unknown}
 m - a potion of haste {unknown}
 r - a potion of might {unknown}


   Skills:
 + Level 4.2 Fighting
 + Level 4.5 Axes
 + Level 3.8 Armour
 + Level 3.8 Dodging
 + Level 1.0 Evocations


You had 5 spell levels left.
You didn't know any spells.
Your spell library was empty.

Dungeon Overview and Level Annotations

Branches:
Dungeon (4/15)
 Temple: D:4-7

Altars:

Shops:
D:2 !


Innate Abilities, Weirdness & Mutations

You have a beak for a mouth.
You have claws for feet.
Your magical nature lets you fly swiftly and evasively.


Message History

You kill the hound!
Trog accepts your kill.
Your Evocations skill increases to level 1!
You see here a hound corpse.
HP restored.
Found 11 stones.
A scorpion comes into view.
A killer bee comes into view.
The killer bee buzzes angrily.
You hear an angry hiss.
Found a grey potion.
You hit the scorpion.
The scorpion is moderately wounded.
The scorpion stings you!
You are poisoned.
The scorpion poisons you! The killer bee stings you!
You hit the scorpion but do no damage.
The scorpion is moderately wounded.
You hit the killer bee.
You feel very sick.
The killer bee stings you but does no damage.
The scorpion stings you.
You are lethally poisoned!
The scorpion poisons you! The killer bee closely misses you.
The scorpion barely misses you.
You slash the scorpion! Your kick misses the scorpion.
The scorpion is severely wounded.
You closely miss the killer bee.
* * * LOW HITPOINT WARNING * * *
You feel very sick.
The killer bee stings you but does no damage.
The killer bee stings you.
* * * LOW HITPOINT WARNING * * *
The scorpion stings you.
* * * LOW HITPOINT WARNING * * *
You are more poisoned.
The scorpion poisons you!
You closely miss the scorpion. You peck the scorpion.
The scorpion is almost dead.
You barely miss the killer bee.
You die...

.. .. #. #. #.
##.##########
#!.##...#........
#.$..(s@..#
##..##y##.# #..
#.# ...# #.# ####
#.# #.# #.# #.#
#†#######


You could see a scorpion and a killer bee.

Vanquished Creatures
  An ogre (D:3)
  A hound (D:4)
  An orc priest (D:3)
  An orc wizard (D:4)
  A gnoll (D:1)
  An adder (D:2)
  An adder skeleton (D:4)
  A worm (D:3)
  A dart slug (D:1)
  5 orcs
  8 bats
  4 endoplasms
  A giant cockroach (D:1)
  7 goblins
  3 hobgoblins
  5 jackals
  6 kobolds
  2 quokkas
  6 ball pythons
  6 frilled lizards
  4 rats
66 creatures vanquished.

Notes
Turn   | Place    | Note
-------+----------+-------------------------------------------
     0 | D:1      | dtburroughs the Tengu Berserker began the quest for the
                  | Orb.
     0 | D:1      | Reached XP level 1. HP: 14/14 MP: 2/2
    21 | D:1      | Noticed a merfolk zombie
   536 | D:1      | Reached XP level 2. HP: 12/19 MP: 3/3
  1278 | D:1      | Reached XP level 3. HP: 23/23 MP: 4/4
  1405 | D:1      | Found a faded altar of an unknown god.
  2227 | D:2      | Found Ulosaic's Distillery.
  2348 | D:3      | Reached ** piety under Trog
  2395 | D:3      | Reached XP level 4. HP: 26/26 MP: 5/5
  2607 | D:3      | Noticed an ogre
  2621 | D:3      | Killed an ogre
  2622 | D:3      | Gained mutation: Your magical nature lets you fly swiftly
                  | and evasively. [Tengu growth]
  2622 | D:3      | Reached XP level 5. HP: 33/33 MP: 6/6
  3397 | D:4      | Reached XP level 6. HP: 38/38 MP: 7/7
  3446 | D:4      | Reached skill level 1 in Evocations
  3463 | D:4      | HP: 1/38 [scorpion (5)]
  3464 | D:4      | Succumbed to a scorpion's poison

Illustrated notes

Levels and vault maps discovered:
D:1:      shiori_arrival_whats_in_store_for_you, layout_basic,
          shapermc_ecumenical_altar_starsandcircs, dk_noncrumbling_2,
          minmay_indecisive_spiral
D:2:      layout_basic, serial_shops, shop, minmay_pentomino_p2
D:3:      layout_basic, st_stairs_2, minmay_starry_boxes
D:4:      layout_loops_ring, kennysheep_little_box,
          mainiacjoe_overflow_divided_tiny, minmay_close_crescents,
          uniq_crazy_yiuf_cottage

Skill      XL: |  1  2  3  4  5  6 |
---------------+-------------------+-----
Armour         | 3 |  3.8
Dodging        | 3 |  3.8
Axes           | 4 |  4.5
Fighting       | 4 |  4.2
Evocations     | 1 |  1.0

Action                   |  1- 3 |  4- 6 || total
-------------------------+-------+-------++-------
Melee: Hand axe          |    79 |    66 ||   145
       Peck              |    11 |     8 ||    19
       Kick              |    14 |    20 ||    34
Invok: Berserk           |     1 |     1 ||     2
       Trog's Hand       |       |     1 ||     1
Armor: Animal skin       |     6 |       ||     6
       Ring mail         |    19 |    16 ||    35
Dodge: Dodged            |    70 |    47 ||   117
